 Dungeon Crawl Stone Soup version 0.31.0-11-ge490571c62 (webtiles) character file.

Game seed: 5588251857447888463

582 qw the Shooter (level 7, -1/35 HPs)
             Began as a Spriggan Hunter on Feb 3, 2024.
             Slain by a kobold brigand
             ... wielding a +0 whip of venom
              (3 damage)
             ... on level 4 of the Dungeon.
             The game lasted 00:00:14 (3200 turns).

qw the Shooter (Spriggan Hunter)                    Turns: 3200, Time: 00:00:15

Health: -1/35      AC:  2    Str:  7    XL:     7   Next: 14%
Magic:  8/8        EV: 21    Int: 11    God:
Gold:   193        SH:  0    Dex: 20    Spells: 6/6 levels left

rFire   . . .        a - +0 shortbow
rCold   . . .        (shield currently unavailable)
rNeg    . . .        c - +0 robe
rPois   .            (helmet restricted)
rElec   .            (no cloak)
rCorr   .            (gloves unavailable)
SInv    +            (boots unavailable)
Will    +....        (no amulet)
Stlth   ++           (no ring)
HPRegen 0.25/turn    (no ring)
MPRegen 0.11/turn

%: no passive effects
@: lethally poisoned (-1 -> -15), about to teleport, very quick
A: very small, no large weapons, unfitting armour, see invisible, speed 3
a: no special abilities


You were on level 4 of the Dungeon.
You visited 1 branch of the dungeon, and saw 4 of its levels.
You also visited: Sewer.

You collected 193 gold pieces.


Innate Abilities, Weirdness & Mutations

You are very small and have problems with some larger weapons.
You are too small for most types of armour.
You have supernaturally acute eyesight. (SInv)
You cover ground extremely quickly. (Speed+++)


   Skills:
 - Level 2.0 Fighting
 - Level 7.2 Ranged Weapons
 + Level 6.5 Dodging
 - Level 1.5 Stealth


You had 6 spell levels left.
You didn't know any spells.
Your spell library was empty.

Inventory:

Hand Weapons
 a - a +0 shortbow (weapon)
Armour
 c - a +0 robe (worn)
Scrolls
 f - a scroll of enchant armour
 g - 2 scrolls of teleportation
Potions
 d - 3 potions of enlightenment
 e - a potion of heal wounds
 h - a potion of curing
 i - a potion of resistance {unknown}

Dungeon Overview and Level Annotations

Branches:
Dungeon (4/15)              Sewer (visited)
 Temple: D:4-7

Altars:
Qazlal


Message History

You shoot an arrow. The arrow hits the kobold brigand!
The kobold brigand is heavily wounded.
You feel very sick. The hound misses you. The hound closely misses you.
The kobold brigand hits you with a +0 whip of venom.
You are more poisoned.
You shoot an arrow. The arrow hits the kobold brigand!
The kobold brigand is severely wounded.
You feel very sick. The hound bites you.
The kobold brigand completely misses you.
You shoot an arrow.
The arrow barely misses the kobold brigand.
You feel very sick. The hound completely misses you.
The hound barely misses you. The kobold brigand barely misses you.
You shoot an arrow. The arrow misses the kobold brigand.
You feel very sick. The quokka barely misses you. The hound misses you.
The kobold brigand misses you. The quokka misses you.
You shoot an arrow. The arrow hits the kobold brigand.
The kobold brigand is almost dead.
You feel very sick. The hound misses you. The hound closely misses you.
The kobold brigand completely misses you.
The quokka closely misses you.
You shoot an arrow.
The arrow hits the kobold brigand but does no damage.
The kobold brigand is almost dead.
You feel sick. The hound completely misses you. The quokka closely misses you.
The kobold brigand hits you with a +0 whip of venom.
You are more poisoned.
The hound misses you.
3200 ||| READING 3 scrolls of teleportation.
As you read the scroll of teleportation, it crumbles to dust.
You feel strangely unstable.
You feel very sick. The quokka misses you. The hound closely misses you.
The kobold brigand hits you with a +0 whip of venom.
You die...

#..............
#..............
#..............
#.............
#...........##.
#..............
......Kh.......
.......@.......
......r........
..........?....
...............
.....!.........
!....#.....(...
.....#.........
.....#.........


You could see a kobold brigand, a hound and a quokka.

Vanquished Creatures
  Sigmund (D:2)
  2 bullfrogs (Sewer)
  An orc priest (D:3)
  Terence (D:2)
  14 adders
  8 dart slugs
  A ribbon worm (D:2)
  8 orcs (D:3)
  2 endoplasms
  14 giant cockroaches
  8 hobgoblins
  8 jackals
  2 quokkas (D:2)
  11 ball pythons
  2 bats (D:1)
  10 frilled lizards
  5 goblins
  6 kobolds
  6 rats
  A spectral goblin (D:2)
111 creatures vanquished.

Notes
Turn   | Place    | Note
-------+----------+-------------------------------------------
     0 | D:1      | qw the Spriggan Hunter began the quest for the Orb.
     0 | D:1      | Reached XP level 1. HP: 10/10 MP: 2/2
     0 | D:1      | 0 ||| qw: Version: 0.3-a-155-g5e7d8dd
     0 | D:1      | 0 ||| qw: Game counter: 3180
     0 | D:1      | 0 ||| qw: Melee chars always use a shield: true
     0 | D:1      | 0 ||| qw: God list: Okawaru
     0 | D:1      | 0 ||| qw: Allow faded altars: false
     0 | D:1      | 0 ||| qw: Do Orc after clearing Dungeon:15 true
     0 | D:1      | 0 ||| qw: Do second Lair branch before Depths: true
     0 | D:1      | 0 ||| qw: Lair rune preference: random
     0 | D:1      | 0 ||| qw: Goals: Normal
     0 | D:1      | 0 ||| PLANNING D:1-11
    51 | D:1      | Reached skill level 3 in Dodging
    78 | D:1      | Reached XP level 2. HP: 14/14 MP: 3/3
   859 | D:1      | Reached XP level 3. HP: 18/18 MP: 4/4
   981 | D:1      | 981 ||| READING scroll labelled SEYMAE TASCHI.
   981 | D:1      | 981 ||| ENCHANTING +0 shortbow.
   982 | D:1      | 982 ||| READING 2 scrolls labelled FEKHLU GEVEN.
   982 | D:1      | 982 ||| IDENTIFYING grey potion
   983 | D:1      | 983 ||| READING scroll of identify.
   983 | D:1      | 983 ||| IDENTIFYING scroll labelled VYOHAX QEVOMN
   984 | D:1      | 984 ||| DROPPING scroll of butterflies.
  1083 | D:2      | Noticed Sigmund
  1101 | D:2      | Killed Sigmund
  1102 | D:2      | Reached skill level 6 in Ranged Weapons
  1102 | D:2      | Reached XP level 4. HP: 12/22 MP: 5/5
  1102 | D:2      | Reached XP level 5. HP: 14/25 MP: 6/6
  1206 | D:2      | 1206 ||| FLEEEEING.
  1207 | D:2      | 1207 ||| FLEEEEING.
  1210 | D:2      | 1210 ||| FLEEEEING.
  1220 | D:2      | 1220 ||| FLEEEEING.
  1221 | D:2      | 1221 ||| FLEEEEING.
  1225 | D:2      | 1225 ||| FLEEEEING.
  1226 | D:2      | 1226 ||| FLEEEEING.
  1227 | D:2      | 1227 ||| FLEEEEING.
  1228 | D:2      | 1228 ||| FLEEEEING.
  1231 | D:2      | 1231 ||| FLEEEEING.
  1232 | D:2      | 1232 ||| FLEEEEING.
  1233 | D:2      | 1233 ||| FLEEEEING.
  1234 | D:2      | 1234 ||| FLEEEEING.
  1235 | D:2      | 1235 ||| FLEEEEING.
  1236 | D:2      | 1236 ||| FLEEEEING.
  1237 | D:2      | 1237 ||| FLEEEEING.
  1240 | D:2      | 1240 ||| FLEEEEING.
  1592 | D:2      | Found a faded altar of an unknown god.
  1719 | D:2      | Noticed Terence
  1731 | D:2      | Killed Terence
  1787 | D:2      | 1787 ||| READING 2 scrolls of identify.
  1787 | D:2      | 1787 ||| IDENTIFYING metallic yellow potion
  1788 | D:2      | 1788 ||| READING scroll of identify.
  1788 | D:2      | 1788 ||| IDENTIFYING scroll labelled MALUFE WOVUSHRI
  1789 | D:2      | 1789 ||| DROPPING scroll of poison.
  1815 | D:3      | 1815 ||| PLANNING SEWER
  1886 | D:3      | Reached XP level 6. HP: 30/30 MP: 7/7
  1893 | D:3      | Found a stormy altar of Qazlal.
  1893 | D:3      | Noticed a sky beast
  1896 | D:3      | 1896 ||| FLEEEEING.
  1899 | D:3      | 1899 ||| FLEEEEING.
  1900 | D:3      | 1900 ||| FLEEEEING.
  1901 | D:3      | 1901 ||| FLEEEEING.
  1906 | D:3      | 1906 ||| FLEEEEING.
  1907 | D:3      | 1907 ||| FLEEEEING.
  1909 | D:3      | 1909 ||| FLEEEEING.
  1910 | D:3      | 1910 ||| FLEEEEING.
  1911 | D:3      | 1911 ||| FLEEEEING.
  1912 | D:3      | 1912 ||| FLEEEEING.
  1916 | D:3      | 1916 ||| FLEEEEING.
  1917 | D:3      | 1917 ||| FLEEEEING.
  1918 | D:3      | 1918 ||| STAIRDANCE
  1948 | D:2      | 1948 ||| READING scroll of identify.
  1948 | D:2      | 1948 ||| IDENTIFYING sedimented puce potion
  1949 | D:2      | 1949 ||| DROPPING potion of degeneration.
  1999 | D:3      | Found a glowing drain.
  2012 | Sewer    | Entered a sewer
  2237 | Sewer    | Reached skill level 6 in Dodging
  2304 | Sewer    | Reached skill level 7 in Ranged Weapons
  2304 | Sewer    | Reached XP level 7. HP: 24/35 MP: 8/8
  2581 | Sewer    | 2581 ||| READING scroll labelled YXTEFA OCHOIDI.
  2601 | D:3      | 2601 ||| PLANNING D:1-11
  3156 | D:3      | 3156 ||| READING scroll of identify.
  3156 | D:3      | 3156 ||| IDENTIFYING green potion
  3199 | D:4      | HP: 8/35 [poisoned by a kobold brigand]
  3200 | D:4      | 3200 ||| READING 3 scrolls of teleportation.
  3200 | D:4      | HP: 2/35 [poisoned by a kobold brigand]
  3200 | D:4      | Slain by a kobold brigand

Levels and vault maps discovered:
D:1:      dpeg_arrival_leaves_temple_mockup, layout_basic
D:2:      layout_rooms, dreamdust_ecumenical_altar_drowned_temple,
          kennysheep_generic_room_10, uniq_terence, uniq_sigmund
D:3:      layout_loops_ring, nicolae_qazlal_beasts_of_the_sky,
          mainiacjoe_sewer_entry_somewhere_in_here_1, guppyfry_early_orc_mine
D:4:      layout_basic

Skill      XL: |  1  2  3  4  5  6 |
---------------+-------------------+-----
Dodging        | 3 4 5 6 |  6.5
Ranged Weapons | 6 7 |  7.2
Fighting       | 2 |  2.0
Stealth        | |  1.5

Action                     |  1- 3 |  4- 6 |  7- 9 || total
---------------------------+-------+-------+-------++-------
   Fire: Shortbow          |    96 |   200 |    65 ||   361
    Use: Scroll            |     3 |     3 |     3 ||     9
 Armour: Robe              |     6 |    27 |     9 ||    42
  Dodge: Dodged            |    25 |    71 |    36 ||   132

Table legend:
 A = Non-vault XP
 B = Vault XP
 C = Vault XP percentage of total XP
 D = Non-vault monster count
 E = Vault monster count
 F = Vault count percentage of total count
                 A         B        C        D         E       F
            +---------+---------+-------+---------+---------+-------
      Total |     193 |     639 |  76.8 |      56 |      55 |  49.5
            +---------+---------+-------+---------+---------+-------
        D:1 |      45 |       0 |   0.0 |      24 |       0 |   0.0
        D:2 |      71 |     257 |  78.4 |      21 |       4 |  16.0
        D:3 |      77 |      23 |  23.0 |      11 |      12 |  52.2
      Sewer |       0 |     359 | 100.0 |       0 |      39 | 100.0
            +---------+---------+-------+---------+---------+-------
